 Dungeon Crawl Stone Soup version 0.30.1-11-g7821555f0a (webtiles) character file.

Game seed: 2264519815633065472

1438 zooploop the Skirmisher (level 9, -2/73 HPs)
             Began as a Human Hunter on Jan 15, 2024.
             Was an Initiate of Dithmenos.
             Slain by a troll (12 damage)
             ... on level 8 of the Dungeon.
             The game lasted 00:21:07 (5466 turns).

zooploop the Skirmisher (Human Hunter)              Turns: 5466, Time: 00:21:07

Health: -2/73      AC: 20    Str: 12    XL:     9   Next: 3%
Magic:  9/9        EV: 10    Int:  9    God:    Dithmenos [......]
Gold:   170        SH:  0    Dex: 21    Spells: 7/8 levels left

rFire   . . .        s - +0 shortbow (elec)
rCold   . . .        (shield currently unavailable)
rNeg    . . .        p - +6 scale mail
rPois   .            (helmet restricted)
rElec   .            (no cloak)
rCorr   .            t - +2 pair of gloves
SInv    .            e - +1 pair of boots
Will    .....        (no amulet)
Stlth   +            (no ring)
HPRegen 0.32/turn    (no ring)
MPRegen 0.11/turn

%: no passive effects
@: no status effects
A: hooves 1, horns 1, iridescent scales 1, robust 1, noise suppression
a: Renounce Religion


You were on level 8 of the Dungeon.
You worshipped Dithmenos.
Dithmenos was noncommittal.
You visited 2 branches of the dungeon, and saw 10 of its levels.

You collected 274 gold pieces.
You spent 104 gold pieces at shops.

Inventory:

Hand Weapons
 a - a +0 shortbow
 s - a +0 shortbow of electrocution (weapon)
Missiles
 g - a throwing net
Armour
 e - a +1 pair of boots (worn)
 j - +0 steam dragon scales
 p - a +6 scale mail (worn)
 t - a +2 pair of gloves (worn)
Jewellery
 r - a ring of flight
 B - a +6 ring of strength
Wands
 o - a wand of iceblast (13)
 w - a wand of paralysis (4)
 y - a wand of polymorph (3)
Scrolls
 b - a scroll of immolation
 h - 3 scrolls of teleportation
 l - a scroll of fear
 m - a scroll of fog
 v - a scroll of amnesia
 x - a scroll of identify
 C - a scroll of blinking {unknown}
 D - 2 scrolls of enchant armour
Potions
 c - 2 potions of heal wounds
 d - a potion of magic {unknown}
 f - a potion of lignification
 i - a potion of might
 k - a potion of mutation
 n - 2 potions of attraction
 q - a potion of curing
 u - a potion of ambrosia {unknown}
 z - a potion of berserk rage {unknown}
 A - a potion of haste {unknown}


   Skills:
 + Level 4.8 Fighting
 + Level 9.1 Ranged Weapons
 + Level 3.4 Armour
 + Level 3.5 Dodging
 + Level 1.1 Stealth


You had 7 spell levels left.
You knew the following spells:

 Your Spells              Type           Power      Damage    Failure   Level
a - Slow                  Hex            0%         N/A       89%         1

Your spell library contained the following spells:

 Spells                   Type           Power      Damage    Failure   Level
 Scorch                   Fire           0%         2d5       96%         2
 Confusing Touch          Hex            0%         N/A       99%         3
 Vampiric Draining        Necr           0%         2d6       99%         3
 Volatile Blastmotes      Fire/Tloc      0%         2d10      99%         3
 Flame Wave               Conj/Fire      0%         2d4       100%        4
 Fulminant Prism          Conj/Hex       0%         3d5       100%        4
 Iskenderun's Mystic Bla  Conj/Tloc      0%         2d3       100%        4
 Lee's Rapid Deconstruct  Erth           0%         3d4*      100%        5
 Summon Cactus Giant      Summ           0%         N/A       100%        6


Dungeon Overview and Level Annotations

Branches:
Dungeon (9/15)             Temple (1/1) D:6
   Lair: D:8-11         Orc: D:9-12

Altars:
Ashenzari
Cheibriados
Dithmenos
Elyvilon
Fedhas
Gozag
Kikubaaqudgha
Makhleb
Nemelex Xobeh
Okawaru
Qazlal
Ru
Sif Muna
Uskayaw
Vehumet
Xom
Yredelemnul
Zin
The Shining One

Shops:
D:4 (


Innate Abilities, Weirdness & Mutations

You have large cloven feet.
You have a pair of small horns on your head.
You are partially covered in iridescent scales. (AC +2)
You are robust. (+10% HP)
You passively dampen the noise of your surroundings.


Message History

The troll claws you. The troll claws you but does no damage.
You are too injured to fight recklessly!
You are too injured to fight recklessly!
You are too injured to fight recklessly!
You are too injured to fight recklessly!
You are too injured to fight recklessly!
You are too injured to fight recklessly!
You feel better. The troll bites you. The troll claws you!
The troll claws you but does no damage.
You are too injured to fight recklessly!
You are too injured to fight recklessly!
You are too injured to fight recklessly!
You are too injured to fight recklessly!
You feel better. The troll closely misses you. The troll misses you.
The troll claws you but does no damage.
You shoot an arrow. The arrow closely misses the troll.
The troll bites you but does no damage. The troll claws you!
The troll claws you.
You are too injured to fight recklessly!
You are too injured to fight recklessly!
You are too injured to fight recklessly!
You are too injured to fight recklessly!
You are too injured to fight recklessly!
You are too injured to fight recklessly!
Found a stone staircase leading up.
There is a stone staircase leading up here.
You are too injured to fight recklessly!
You are too injured to fight recklessly!
You shoot an arrow. The arrow hits the troll.
The troll is almost dead.
The troll bites you but does no damage. The troll completely misses you.
The troll claws you.
You shoot an arrow. The arrow closely misses the troll.
The troll bites you!
* * * LOW HITPOINT WARNING * * *
The troll claws you.
* * * LOW HITPOINT WARNING * * *
The troll claws you.
* * * LOW HITPOINT WARNING * * *
You shoot an arrow. The arrow barely misses the troll.
The troll bites you!
You die...

...........#
#..........#
...(........#
###...##...#
###.....[....#
#......#...#
##......##....#
#....>....#
.###.#.#####.##
#..#..#.#.#
.##....#
##..####.#########
......##
..........##
...#...
##.....T...##
..###...
#.....@....# .##
....
#............# ..#
#..........### ..#
##..........# #..
............# .##
.......#...#... .#
......# #..#... >
.....< ..# .. ..


You could see a troll.

Vanquished Creatures
  2 steam dragons
  A phantom (D:5)
  8 scorpions
  A howler monkey (D:6)
  6 hounds
  3 jellies
  A sleepcap (D:5)
  3 iguanas
  3 gnolls (D:5)
  8 adders
  3 shadow imps
  2 ufetubi
  2 dart slugs
  A worm (D:5)
  2 orcs
  13 endoplasms
  9 giant cockroaches
  11 hobgoblins
  2 kobolds
  4 quokkas
  5 ball pythons
  6 bats
  5 frilled lizards
  8 goblins
  4 rats
  A butterfly (D:6)
114 creatures vanquished.

Notes
Turn   | Place    | Note
-------+----------+-------------------------------------------
     0 | D:1      | zooploop the Human Hunter began the quest for the Orb.
     0 | D:1      | Reached XP level 1. HP: 16/16 MP: 1/1
    38 | D:1      | Reached XP level 2. HP: 19/22 MP: 2/2
   145 | D:1      | Reached XP level 3. HP: 27/27 MP: 3/3
  1140 | D:2      | Reached XP level 4. HP: 31/33 MP: 4/4
  1195 | D:2      | Learned a level 1 spell: Slow
  1371 | D:2      | Reached skill level 5 in Ranged Weapons
  1510 | D:2      | Found a faded altar of an unknown god.
  1623 | D:3      | Found a white marble altar of Elyvilon.
  1831 | D:3      | Reached XP level 5. HP: 39/39 MP: 5/5
  1874 | D:3      | You fall into a shaft and drop 2 floors!
  1874 | D:5      | Entered Level 5 of the Dungeon
  2099 | D:4      | Reached skill level 1 in Armour
  2218 | D:4      | Identified the +0 chain mail of the Good {rElec}
  2221 | D:4      | Reached skill level 6 in Ranged Weapons
  2221 | D:4      | Reached XP level 6. HP: 35/46 MP: 6/6
  2248 | D:4      | HP: 2/46 [poisoned by a scorpion]
  2621 | D:4      | Found Jogoenuw's Weapon Shoppe.
  2626 | D:4      | Bought a +0 shortbow of electrocution for 104 gold pieces
  2936 | D:4      | Gained mutation: You have a pair of small horns on your
                  | head. [potion of mutation]
  2936 | D:4      | Gained mutation: Your flesh is heat resistant. (rF+)
                  | [potion of mutation]
  2941 | D:4      | Lost mutation: Your flesh is heat resistant. (rF+) [potion
                  | of mutation]
  2941 | D:4      | Lost mutation: You have a pair of small horns on your head.
                  | [potion of mutation]
  2941 | D:4      | Gained mutation: You have hidden genetic potential. [potion
                  | of mutation]
  2941 | D:4      | Gained mutation: You are partially covered in iridescent
                  | scales. (AC +2) [potion of mutation]
  2941 | D:4      | Gained mutation: You passively dampen the noise of your
                  | surroundings. [potion of mutation]
  2941 | D:4      | Gained mutation: You are robust. (+10% HP) [potion of
                  | mutation]
  2989 | D:3      | Noticed a black bear
  3425 | D:5      | Reached XP level 7. HP: 57/57 MP: 7/7
  3537 | D:5      | Reached skill level 7 in Ranged Weapons
  3543 | D:5      | Gained mutation: You have a pair of small horns on your
                  | head. [hidden potential]
  3769 | D:5      | Reached XP level 8. HP: 64/64 MP: 8/8
  3888 | D:5      | Reached skill level 8 in Ranged Weapons
  3898 | D:5      | Gained mutation: You have large cloven feet. [hidden
                  | potential]
  3898 | D:5      | Lost mutation: You have hidden genetic potential. [hidden
                  | potential expressed]
  4804 | D:6      | Found a staircase to the Ecumenical Temple.
  4824 | Temple   | Entered the Ecumenical Temple
  4912 | Temple   | Became a worshipper of Dithmenos the Shadowed
  5154 | D:7      | Noticed a wyvern
  5346 | D:8      | Reached skill level 9 in Ranged Weapons
  5346 | D:8      | Reached XP level 9. HP: 69/73 MP: 9/9
  5437 | D:8      | Noticed a troll
  5466 | D:8      | Slain by a troll

Illustrated notes

Levels and vault maps discovered:
D:1:      dpeg_arrival_shelter, layout_basic, chequers_serial_rivers_micro_d,
          corexii_item_surrounded_by_moat, st_stairs_1
D:2:      layout_loops_ring, shapermc_ecumenical_altar_petra
D:3:      layout_basic, mainiacjoe_overflow_alcove_4,
          hellmonk_guarded_unrand_hermit
D:4:      layout_loops_ring, serial_shops, kennysheep_little_box, fountainhead,
          minmay_diced_spiral
D:5:      minmay_recursive_quarters, layout_gridville
D:6:      layout_basic, minmay_temple_entry_butterflies
D:7:      layout_cave_pools, uniq_duvessa
D:8:      layout_cave_pools, lemuel_coloured_pillars_altar, trog_hazing_becter,
          nzn_wu_jian_council_hall, david_lair_shrubbed, nicolae_shop_fire_sale
          [nicolae_sub_dead_trees], kennysheep_small_spiral, uniq_joseph
D:9:      layout_gridville
Temple:   nicolae_temple_bog_church

Skill      XL: |  1  2  3  4  5  6  7  8 |
---------------+-------------------------+-----
Ranged Weapons | 5 6 7 9 |  9.1
Armour         | 1 2 3 |  3.4
Fighting       | 3 4 |  4.8
Dodging        | 3 |  3.5
Stealth        | |  1.1

Action                     |  1- 3 |  4- 6 |  7- 9 || total
---------------------------+-------+-------+-------++-------
   Fire: Shortbow          |    75 |   142 |   164 ||   381
    Use: Potion            |     1 |     4 |     4 ||     9
         Scroll            |       |     2 |     7 ||     9
 Armour: Leather armour    |     8 |       |       ||     8
         Ring mail         |     1 |    50 |    25 ||    76
         Scale mail        |       |       |    75 ||    75
  Dodge: Dodged            |    17 |    93 |    71 ||   181
